[Event "XVI Calvia Amateur Open 2019"]
[Site "Calvia"]
[Date "2019.10.06"]
[Round "2.4"]
[White "Visser, Henk-Jan"]
[Black "Gaitan Moyano, Juan"]
[Result "0-1"]
[ECO "B90"]
[WhiteElo "2184"]
[BlackElo "1981"]
[Annotator "ChessBase"]
[PlyCount "104"]
[EventDate "2019.10.05"]
[EventType "swiss"]
[EventCountry "ESP"]
[SourceTitle "playchess.com"]
[Source "ChessBase"]
[SourceQuality "1"]
[TimeControl "40/5400+30:900+30"]

1. e4 c5 2. Nf3 d6 3. d4 cxd4 4. Nxd4 Nf6 5. Nc3 a6 6. Be3 e5 7. Nb3 Be6 8. f3 h5 9. Qd2 Nbd7 10. Nd5 Nxd5 11. exd5 Bf5 12. Na5 Qc7 13. c4 Be7 14. Be2 Bh4+ 15. g3 Bd8 16. b4 h4 17. g4 Bg6 18. O-O O-O 19. Rac1 Qb8 20. Bd3 Bxd3 21. Qxd3 Bxa5 22. bxa5 Qc7 23. Qa3 Rac8 24. Bg5 f6 25. Bxh4 Qc5+ 26. Qxc5 Rxc5 27. Rb1 Rxa5 28. Rxb7 Rd8 29. Rc7 Rxa2 30. Rb1 Nc5 31. Bf2 Nd3 32. Bg3 Rb2 33. Ra1 Nc5 34. h4 Rc2 35. h5 Rxc4 36. Ra3 Rb8 37. Ra2 Rc1+ 38. Kg2 Rd1 39. Bf2 Rxd5 40. Bxc5 Rxc5 41. Ra7 a5 42. Kg3 Rb3 43. g5 fxg5 44. h6 gxh6 45. Kg4 Rc4+ 46. Kf5 Rxf3+ 47. Kg6 Rcf4 48. Rg7+ Kf8 49. Rc2 Rf6+ 50. Kh7 Rf7 51. Rc7 Rxc7 52. Rxc7 Rf7+ 0-1

[Event "XVI Calvia Amateur Open 2019"]
[Site "Calvia"]
[Date "2019.10.06"]
[Round "2.5"]
[White "Grichkevitch, Gilles"]
[Black "Gallego Bergada, Antoni"]
[Result "1/2-1/2"]
[ECO "B06"]
[WhiteElo "1989"]
[BlackElo "2177"]
[Annotator "ChessBase"]
[PlyCount "75"]
[EventDate "2019.10.05"]
[EventType "swiss"]
[EventCountry "ESP"]
[SourceTitle "playchess.com"]
[Source "ChessBase"]
[SourceQuality "1"]
[TimeControl "40/5400+30:900+30"]

1. e4 g6 2. d4 Bg7 3. Nc3 d6 4. Bg5 a6 5. Qd2 b5 6. f4 Bb7 7. Nf3 Nf6 8. e5 Ne4 9. Nxe4 Bxe4 10. c4 c6 11. Be2 O-O 12. O-O f6 13. exf6 exf6 14. Bh4 Nd7 15. a4 bxc4 16. Bxc4+ d5 17. Be2 Qb6 18. a5 Qb7 19. b4 Rfc8 20. Be1 Bf8 21. Nh4 Rab8 22. Ra4 Be7 23. g4 Nf8 24. f5 g5 25. Nf3 Bd6 26. Bg3 Bxg3 27. hxg3 Ra8 28. Kf2 Qd7 29. Ra2 h5 30. Nh2 Qd6 31. gxh5 Bxf5 32. Ng4 Bxg4 33. Bxg4 Re8 34. Re1 Rab8 35. Rxe8 Rxe8 36. Bf5 Kg7 37. Ra1 Rb8 38. Rb1 1/2-1/2

[Event "XVI Calvia Amateur Open 2019"]
[Site "Calvia"]
[Date "2019.10.06"]
[Round "2.6"]
[White "Ermachenko, Manuel"]
[Black "Cramling Bellon, Anna"]
[Result "1-0"]
[ECO "C67"]
[WhiteElo "1968"]
[BlackElo "2164"]
[Annotator "ChessBase"]
[PlyCount "76"]
[EventDate "2019.10.05"]
[EventType "swiss"]
[EventCountry "ESP"]
[SourceTitle "playchess.com"]
[Source "ChessBase"]
[SourceQuality "1"]
[TimeControl "40/5400+30:900+30"]

1. e4 e5 2. Nf3 Nc6 3. Bb5 Nf6 4. O-O Nxe4 5. d4 Nd6 6. dxe5 Nxb5 7. a4 Nbd4 8. Nxd4 Nxd4 9. Qxd4 d6 10. Bf4 d5 11. c4 dxc4 12. Qxc4 c6 13. Nc3 Be6 14. Qe4 Be7 15. Rfd1 Qa5 16. Qf3 O-O 17. Qg3 Qb4 18. Re1 Bf5 19. Re2 Rad8 20. Rae1 Rd4 21. Bg5 Rg4 22. Bxe7 Qxe7 23. Qf3 Qg5 24. g3 Rd8 25. Ne4 Bxe4 26. Rxe4 h5 27. e6 fxe6 28. Rxe6 Qd5 29. Qe3 Rb4 30. Re5 Qd2 31. Re8+ Kh7 32. Qc5 Rd5 33. Qf8 Rd6 34. Qg8+ Kg6 35. R8e6+ Rxe6 36. Rxe6+ Kf5 37. Qf7+ Kg4 38. f3+ Kg5 1-0

[Event "XVI Calvia Amateur Open 2019"]
[Site "Calvia"]
[Date "2019.10.07"]
[Round "3.1"]
[White "Scherer, Helmut"]
[Black "Amengual Perello, Jordi"]
[Result "1/2-1/2"]
[ECO "C13"]
[WhiteElo "2278"]
[BlackElo "2087"]
[Annotator "ChessBase"]
[PlyCount "52"]
[EventDate "2019.10.05"]
[EventType "swiss"]
[EventCountry "ESP"]
[SourceTitle "playchess.com"]
[Source "ChessBase"]
[SourceQuality "1"]
[TimeControl "40/5400+30:900+30"]

1. e4 e6 2. d4 d5 3. Nc3 Nf6 4. Bg5 dxe4 5. Nxe4 Be7 6. Bxf6 gxf6 7. Nf3 f5 8. Nc3 a6 9. Be2 Nd7 10. Qd2 b5 11. O-O Bb7 12. Rad1 O-O 13. Qe3 Nb6 14. Ne5 b4 15. Nb1 Nd5 16. Qb3 Rb8 17. Bf3 c5 18. dxc5 Bxc5 19. Nd2 a5 20. Ndc4 Ra8 21. a4 Qe7 22. Rfe1 Rfd8 23. Nd3 Bd4 24. Nde5 Bc5 25. Nd3 Bd4 26. Nde5 Bc5 1/2-1/2

[Event "XVI Calvia Amateur Open 2019"]
[Site "Calvia"]
[Date "2019.10.07"]
[Round "3.2"]
[White "Guski, Dietmar"]
[Black "Massanet Massanet, Sebastian"]
[Result "1/2-1/2"]
[ECO "C14"]
[WhiteElo "2052"]
[BlackElo "2252"]
[Annotator "ChessBase"]
[PlyCount "166"]
[EventDate "2019.10.05"]
[EventType "swiss"]
[EventCountry "ESP"]
[SourceTitle "playchess.com"]
[Source "ChessBase"]
[SourceQuality "1"]
[TimeControl "40/5400+30:900+30"]

1. e4 e6 2. d4 d5 3. Nc3 Nf6 4. Bg5 Be7 5. e5 Nfd7 6. h4 Bxg5 7. hxg5 Qxg5 8. Nh3 Qe7 9. Qg4 g6 10. Nf4 Nc6 11. O-O-O h5 12. Qg3 Nb6 13. Bb5 Bd7 14. Bxc6 Bxc6 15. Nd3 Nc4 16. f4 O-O-O 17. Qf2 b6 18. Rh3 Bb7 19. Rdh1 Rhg8 20. Rh4 Ba6 21. g4 hxg4 22. Rxg4 Na5 23. Rg3 Bxd3 24. Rxd3 Rdf8 25. Rh7 Nc6 26. a3 Qe8 27. Rdh3 Ne7 28. Nd1 g5 29. Ne3 gxf4 30. Qxf4 Rg1+ 31. Kd2 Qa4 32. Rxf7 Rxf7 33. Qxf7 Qxd4+ 34. Ke2 Ng6 35. Qxe6+ Kb8 36. Qg8+ Kb7 37. Qxd5+ Qxd5 38. Nxd5 Rg5 39. Re3 Nxe5 40. Nf4 Nc4 41. Re7 Nxb2 42. Rxc7+ Kxc7 43. Ne6+ Kc6 44. Nxg5 Kd5 45. Kd2 Nc4+ 46. Kc3 Nxa3 47. Kb3 Nc4 48. Nf3 a5 49. Ne1 b5 50. Nd3 Kd4 51. Nf4 Nd2+ 52. Kb2 Kc4 53. Nd3 Nf3 54. Nc1 a4 55. Nd3 b4 56. Nf4 Ne1 57. Ne2 a3+ 58. Kb1 Kb5 59. Nd4+ Ka4 60. Nb3 Nf3 61. Nc5+ Kb5 62. Nb3 Kc4 63. Nc1 Nd2+ 64. Ka1 Nf3 65. Kb1 Nd4 66. Na2 Nb5 67. Nc1 Nc3+ 68. Ka1 Na4 69. Ne2 Nc5 70. Ka2 Ne4 71. Ka1 Ng5 72. Ka2 Ne4 73. Ka1 Nc3 74. Nc1 Nd5 75. Ne2 Ne3 76. Kb1 Kd5 77. Nc1 Kd4 78. Ne2+ Ke4 79. Nc1 Kf3 80. Nd3 Nd5 81. Ka2 Ke3 82. Nxb4 Nxb4+ 83. Kxa3 Nxc2+ 1/2-1/2

[Event "XVI Calvia Amateur Open 2019"]
[Site "Calvia"]
[Date "2019.10.07"]
[Round "3.3"]
[White "Tscharotschkin, Michael"]
[Black "Planas Gene, Juan"]
[Result "1-0"]
[ECO "D02"]
[WhiteElo "2198"]
[BlackElo "2028"]
[Annotator "ChessBase"]
[PlyCount "63"]
[EventDate "2019.10.05"]
[EventType "swiss"]
[EventCountry "ESP"]
[SourceTitle "playchess.com"]
[Source "ChessBase"]
[SourceQuality "1"]
[TimeControl "40/5400+30:900+30"]

1. d4 Nf6 2. Bf4 d5 3. e3 e6 4. Nd2 Bd6 5. Bg3 c5 6. c3 Nc6 7. Ngf3 O-O 8. Bd3 b6 9. Ne5 Bb7 10. f4 Ne7 11. Qf3 Ne8 12. Bh4 f6 13. Qh3 Bc8 14. Bxh7+ Kxh7 15. Bxf6+ Kg8 16. Bxe7 Bxe7 17. Ng6 Nf6 18. Qh8+ Kf7 19. Ne5+ Ke8 20. Qxg7 Qc7 21. Ndf3 Bd7 22. Ng6 Rf7 23. Qh8+ Bf8 24. Nfe5 Qd6 25. Nxf7 Kxf7 26. Ne5+ Ke7 27. O-O Be8 28. Rf3 Nd7 29. Qh4+ Nf6 30. Rg3 Qd8 31. Rg8 Bf7 32. Nc6+ 1-0

[Event "XVI Calvia Amateur Open 2019"]
[Site "Calvia"]
[Date "2019.10.07"]
[Round "3.4"]
[White "Gavrish, Leonid"]
[Black "Hutchinson, Paul A"]
[Result "1-0"]
[ECO "D13"]
[WhiteElo "2034"]
[BlackElo "2139"]
[Annotator "ChessBase"]
[PlyCount "97"]
[EventDate "2019.10.05"]
[EventType "swiss"]
[EventCountry "ESP"]
[SourceTitle "playchess.com"]
[Source "ChessBase"]
[SourceQuality "1"]
[TimeControl "40/5400+30:900+30"]

1. d4 d5 2. c4 c6 3. cxd5 cxd5 4. Nc3 Nf6 5. Bf4 a6 6. e3 Nc6 7. Bd3 e6 8. Nf3 Be7 9. Rc1 Nh5 10. Be5 Nxe5 11. Nxe5 Nf6 12. O-O O-O 13. f4 g6 14. h4 Bd6 15. g4 Ne8 16. h5 Qh4 17. Kg2 Qe7 18. hxg6 fxg6 19. Ne2 Bd7 20. Rh1 Nf6 21. g5 Bxe5 22. dxe5 Ng4 23. Rh3 Nxe5 24. fxe5 Qxg5+ 25. Rg3 Qxe5 26. Nd4 Rf6 27. Qb3 Raf8 28. Rc2 Qd6 29. Rf3 Qe5 30. Qxb7 R8f7 31. Qc7 Qh5 32. Rxf6 Rxf6 33. Qg3 e5 34. Be2 Bh3+ 35. Qxh3 Rf2+ 36. Kg3 Qxh3+ 37. Kxh3 exd4 38. exd4 Kg7 39. Kg3 Rf6 40. Rc7+ Kh6 41. Bf3 Re6 42. Rc5 g5 43. Rxd5 Kg6 44. Rc5 h5 45. Rc6 Rxc6 46. Bxc6 Kf5 47. b4 h4+ 48. Kh3 Kf4 49. Bb7 1-0

[Event "XVI Calvia Amateur Open 2019"]
[Site "Calvia"]
[Date "2019.10.07"]
[Round "3.5"]
[White "Burdik, Lubomir"]
[Black "Ermachenko, Manuel"]
[Result "0-1"]
[ECO "D80"]
[WhiteElo "2132"]
[BlackElo "1968"]
[Annotator "ChessBase"]
[PlyCount "48"]
[EventDate "2019.10.05"]
[EventType "swiss"]
[EventCountry "ESP"]
[SourceTitle "playchess.com"]
[Source "ChessBase"]
[SourceQuality "1"]
[TimeControl "40/5400+30:900+30"]

1. Nf3 Nf6 2. c4 g6 3. Nc3 d5 4. d4 Bg7 5. Bg5 Ne4 6. Bf4 Nxc3 7. bxc3 O-O 8. e3 c5 9. Qb3 dxc4 10. Bxc4 cxd4 11. cxd4 Qa5+ 12. Ke2 Nc6 13. Rhd1 Qh5 14. Qb5 e5 15. dxe5 Bg4 16. Rac1 Bxe5 17. Rd5 Rae8 18. Rcd1 Re7 19. Rc5 Qf5 20. h3 Bxf3+ 21. gxf3 Qc2+ 22. Rd2 Nd4+ 23. Kf1 Qc1+ 24. Kg2 Nxb5 0-1

[Event "XVI Calvia Amateur Open 2019"]
[Site "Calvia"]
[Date "2019.10.07"]
[Round "3.6"]
[White "Romero Leon, Antonio"]
[Black "Voiteanu, Gabriel"]
[Result "0-1"]
[ECO "C69"]
[WhiteElo "2015"]
[BlackElo "2119"]
[Annotator "ChessBase"]
[PlyCount "79"]
[EventDate "2019.10.05"]
[EventType "swiss"]
[EventCountry "ESP"]
[SourceTitle "playchess.com"]
[Source "ChessBase"]
[SourceQuality "1"]
[TimeControl "40/5400+30:900+30"]

1. e4 e5 2. Nf3 Nc6 3. Bb5 a6 4. Bxc6 dxc6 5. O-O f6 6. d3 Bg4 7. Be3 c5 8. Nbd2 Bd6 9. h3 Bh5 10. Re1 Ne7 11. Nf1 O-O 12. Ng3 Bf7 13. Qd2 c4 14. dxc4 Bxc4 15. b3 Be6 16. c4 b6 17. Red1 Qb8 18. Qc3 c5 19. Nh4 g6 20. Bh6 Rf7 21. Qd2 Bc7 22. Nf1 Nc6 23. Ne3 Nd4 24. Nc2 b5 25. Nxd4 exd4 26. cxb5 axb5 27. Rac1 c4 28. bxc4 bxc4 29. Qxd4 Rxa2 30. Rb1 Qe8 31. Nf3 Ra8 32. Qc3 Rd8 33. Rxd8 Qxd8 34. g3 Rd7 35. Kg2 Rd3 36. Qc2 g5 37. g4 Qd6 38. Re1 Qf4 39. Qe2 Bxg4 40. Kg1 0-1

[Event "XVI Calvia Amateur Open 2019"]
[Site "Calvia"]
[Date "2019.10.10"]
[Round "6.1"]
[White "Voiteanu, Gabriel"]
[Black "Ermachenko, Manuel"]
[Result "1-0"]
[ECO "D95"]
[WhiteElo "2119"]
[BlackElo "1968"]
[Annotator "ChessBase"]
[PlyCount "117"]
[EventDate "2019.10.05"]
[EventType "swiss"]
[EventCountry "ESP"]
[SourceTitle "playchess.com"]
[Source "ChessBase"]
[SourceQuality "1"]
[TimeControl "40/5400+30:900+30"]

1. d4 Nf6 2. c4 g6 3. Nc3 d5 4. Nf3 Bg7 5. e3 O-O 6. Qb3 e6 7. Bd2 Nc6 8. cxd5 exd5 9. Be2 b6 10. O-O Na5 11. Qa4 Bd7 12. Qd1 Bf5 13. Ne5 Nd7 14. f4 Nxe5 15. fxe5 Be6 16. b3 Qe7 17. Bf3 Rad8 18. Ne2 Nb7 19. Nf4 c5 20. Nxe6 fxe6 21. Qe1 Bh6 22. Rd1 Rf7 23. Qg3 cxd4 24. exd4 Bxd2 25. Rxd2 Rdf8 26. Be2 Rxf1+ 27. Bxf1 Qb4 28. Rd1 Nd8 29. Qg4 Qa3 30. Qe2 Nc6 31. Qd2 a6 32. Bd3 Nxd4 33. Bxg6 hxg6 34. Qxd4 Qc5 35. Qxc5 bxc5 36. Rc1 Rc8 37. Kf2 g5 38. Ke3 Kf7 39. Kd3 Ke7 40. h3 a5 41. Rf1 Rg8 42. Rf6 Rg7 43. Rh6 Kf7 44. Ke3 g4 45. h4 g3 46. Kf4 d4 47. Rf6+ Ke7 48. h5 Rf7 49. Rxf7+ Kxf7 50. Kxg3 Kg7 51. Kf4 Kh6 52. g4 Kg7 53. g5 Kh7 54. g6+ Kh6 55. Ke4 Kg7 56. Kd3 Kh6 57. Kc4 Kg7 58. a3 Kh6 59. b4 1-0

[Event "XVI Calvia Amateur Open 2019"]
[Site "Calvia"]
[Date "2019.10.10"]
[Round "6.2"]
[White "Hlavacek, Tomas"]
[Black "Reichmann, Hendrik"]
[Result "0-1"]
[ECO "B41"]
[WhiteElo "2157"]
[BlackElo "2341"]
[Annotator "ChessBase"]
[PlyCount "104"]
[EventDate "2019.10.05"]
[EventType "swiss"]
[EventCountry "ESP"]
[SourceTitle "playchess.com"]
[Source "ChessBase"]
[SourceQuality "1"]
[TimeControl "40/5400+30:900+30"]

1. e4 c5 2. Ne2 e6 3. c4 Nc6 4. Nbc3 a6 5. d4 cxd4 6. Nxd4 Qc7 7. Be3 Nf6 8. f3 Bd6 9. g3 Bb4 10. Rc1 Ne5 11. a3 Be7 12. Qb3 d6 13. Be2 b6 14. Kf2 Rb8 15. Rhd1 Bb7 16. Qa4+ Kf8 17. Nc2 Ned7 18. Nb4 Nc5 19. Qc2 g5 20. Nd3 Ncd7 21. Qd2 g4 22. Bh6+ Ke8 23. Qf4 gxf3 24. Bxf3 Rg8 25. g4 Ne5 26. g5 Nxd3+ 27. Rxd3 Nd7 28. Bh5 Ne5 29. Rf3 Bf8 30. Bxf8 Rxf8 31. Re3 Qc5 32. Kg3 Nxc4 33. Re2 Qe5 34. Rf2 Qxf4+ 35. Rxf4 Ne5 36. Rd1 Ke7 37. h4 Bc6 38. Be2 b5 39. Rf2 h6 40. gxh6 Rh8 41. Bf1 Rbg8+ 42. Kh3 Rxh6 43. Be2 Ng6 44. h5 e5 45. Kh2 Nf4 46. Kh1 Rg5 47. Nd5+ Bxd5 48. exd5 Nxe2 49. Rxe2 Rgxh5+ 50. Kg2 Rh2+ 51. Kf3 R6h3+ 52. Kg4 f5+ 0-1

[Event "XVI Calvia Amateur Open 2019"]
[Site "Calvia"]
[Date "2019.10.10"]
[Round "6.3"]
[White "Zschischang, Marine"]
[Black "Scherer, Helmut"]
[Result "1/2-1/2"]
[ECO "D20"]
[WhiteElo "2052"]
[BlackElo "2278"]
[Annotator "ChessBase"]
[PlyCount "87"]
[EventDate "2019.10.05"]
[EventType "swiss"]
[EventCountry "ESP"]
[SourceTitle "playchess.com"]
[Source "ChessBase"]
[SourceQuality "1"]
[TimeControl "40/5400+30:900+30"]

1. d4 d5 2. c4 dxc4 3. e3 e5 4. Bxc4 exd4 5. exd4 Bd6 6. Nf3 Nf6 7. O-O O-O 8. Bg5 Nbd7 9. Nc3 c6 10. Re1 Nb6 11. Bb3 Bf5 12. Ne5 Be6 13. Bc2 Be7 14. Qd3 g6 15. Qf3 Nbd5 16. Rad1 Re8 17. Bh6 Qc8 18. h3 Bf8 19. Bxf8 Rxf8 20. a3 Kg7 21. g4 Nxc3 22. bxc3 Bd5 23. Qg3 b5 24. Bd3 Qc7 25. c4 bxc4 26. Nxc4 Qd8 27. Qf4 Rb8 28. Rb1 Rxb1 29. Rxb1 Qe7 30. g5 Nh5 31. Qe5+ Qxe5 32. Nxe5 Re8 33. Bf1 Nf4 34. Rb7 c5 35. Rxa7 cxd4 36. Nd3 Ne6 37. h4 Rb8 38. Bg2 Ba2 39. Rd7 Rb3 40. Ne5 Rxa3 41. Rxf7+ Kg8 42. Rd7 Ra4 43. Ng4 Nf8 44. Bd5+ 1/2-1/2

[Event "XVI Calvia Amateur Open 2019"]
[Site "Calvia"]
[Date "2019.10.10"]
[Round "6.4"]
[White "Massanet Massanet, Sebastian"]
[Black "Cramling Bellon, Anna"]
[Result "1/2-1/2"]
[ECO "B33"]
[WhiteElo "2252"]
[BlackElo "2164"]
[Annotator "ChessBase"]
[PlyCount "80"]
[EventDate "2019.10.05"]
[EventType "swiss"]
[EventCountry "ESP"]
[SourceTitle "playchess.com"]
[Source "ChessBase"]
[SourceQuality "1"]
[TimeControl "40/5400+30:900+30"]

1. e4 c5 2. Nf3 Nc6 3. d4 cxd4 4. Nxd4 Nf6 5. Nc3 e5 6. Ndb5 h6 7. Nd5 Nxd5 8. exd5 a6 9. dxc6 axb5 10. cxd7+ Bxd7 11. Qd5 Qc7 12. Bd2 Bc5 13. Bd3 O-O 14. O-O Rad8 15. Bc3 Rfe8 16. Qb3 Qc6 17. Kh1 e4 18. Be2 Qb6 19. Be1 Bc6 20. Rd1 Rxd1 21. Bxd1 b4 22. Be2 Bb5 23. Bc4 Bxc4 24. Qxc4 Qa6 25. Qxa6 bxa6 26. g3 Rd8 27. c3 a5 28. cxb4 axb4 29. Kg2 Rd3 30. g4 Kf8 31. f4 g6 32. f5 Ke7 33. fxg6 fxg6 34. Rf4 Re3 35. Bf2 Re2 36. Kf1 Bd6 37. Kxe2 Bxf4 38. h3 Ke6 39. b3 Bd6 40. Bd4 h5 1/2-1/2

[Event "XVI Calvia Amateur Open 2019"]
[Site "Calvia"]
[Date "2019.10.10"]
[Round "6.5"]
[White "Visser, Henk-Jan"]
[Black "De Boer, Bas"]
[Result "1/2-1/2"]
[ECO "A01"]
[WhiteElo "2184"]
[BlackElo "2142"]
[Annotator "NA"]
[PlyCount "44"]
[EventDate "2019.10.05"]
[EventType "swiss"]
[EventCountry "ESP"]
[SourceTitle "playchess.com"]
[Source "ChessBase"]
[SourceQuality "1"]
[TimeControl "40/5400+30:900+30"]

1. b3 e5 2. Bb2 Nc6 3. e3 Nf6 4. Nf3 e4 5. Nd4 d5 6. c4 Be7 7. cxd5 Nb4 8. Nc3 Nbxd5 9. Nxd5 Nxd5 10. Qc2 Nf6 11. Nb5 c6 12. Bxf6 gxf6 13. Nc3 f5 14. d3 Qa5 15. O-O-O exd3 16. Bxd3 Be6 17. Kb1 O-O-O 18. Na4 Kb8 19. Bc4 Rxd1+ 20. Rxd1 Rd8 21. Bxe6 fxe6 22. Rxd8+ Qxd8 1/2-1/2

[Event "XVI Calvia Amateur Open 2019"]
[Site "Calvia"]
[Date "2019.10.10"]
[Round "6.6"]
[White "Galicek, Stanislav"]
[Black "Gallego Bergada, Antoni"]
[Result "0-1"]
[ECO "E63"]
[WhiteElo "2142"]
[BlackElo "2177"]
[Annotator "ChessBase"]
[PlyCount "92"]
[EventDate "2019.10.05"]
[EventType "swiss"]
[EventCountry "ESP"]
[SourceTitle "playchess.com"]
[Source "ChessBase"]
[SourceQuality "1"]
[TimeControl "40/5400+30:900+30"]

1. d4 g6 2. c4 Bg7 3. g3 Nf6 4. Bg2 O-O 5. Nc3 d6 6. Nf3 Nc6 7. O-O a6 8. d5 Na5 9. b3 Rb8 10. Nd4 Bd7 11. Bb2 c5 12. dxc6 Nxc6 13. e3 Nxd4 14. exd4 b5 15. c5 b4 16. Ne2 Bb5 17. Re1 Rc8 18. Qc2 e5 19. c6 e4 20. Qd2 Rxc6 21. d5 Rc5 22. Bd4 Rxd5 23. Nf4 Rxd4 24. Qxd4 Ng4 25. Qxb4 Bxa1 26. Rxa1 Qb6 27. Qd2 e3 28. fxe3 Qxe3+ 29. Qxe3 Nxe3 30. Bf3 Kg7 31. Rc1 g5 32. Nd5 Nxd5 33. Bxd5 Kf6 34. a4 Bd3 35. Rc3 Bf5 36. b4 Rb8 37. Rc6 Ke5 38. Bxf7 Rxb4 39. Rxa6 d5 40. a5 Be4 41. Rb6 Ra4 42. Rb5 Kd4 43. Be8 Ra1+ 44. Kf2 Ra2+ 45. Kg1 Ra3 46. Bd7 Ke3 0-1

[Event "XVI Calvia Amateur Open 2019"]
[Site "Calvia"]
[Date "2019.10.11"]
[Round "7.1"]
[White "Gallego Bergada, Antoni"]
[Black "Voiteanu, Gabriel"]
[Result "1-0"]
[ECO "C20"]
[WhiteElo "2177"]
[BlackElo "2119"]
[Annotator "ChessBase"]
[PlyCount "83"]
[EventDate "2019.10.05"]
[EventType "swiss"]
[EventCountry "ESP"]
[SourceTitle "playchess.com"]
[Source "ChessBase"]
[SourceQuality "1"]
[TimeControl "40/5400+30:900+30"]

1. e4 e5 2. Qh5 Nc6 3. Bc4 g6 4. Qf3 Nf6 5. Ne2 Bg7 6. d3 d6 7. h3 Na5 8. Nbc3 Nxc4 9. dxc4 Be6 10. b3 Nd7 11. g4 h5 12. g5 Nc5 13. Be3 c6 14. O-O-O Qc7 15. Rd2 O-O-O 16. Rhd1 b6 17. Kb1 Nb7 18. Rd3 h4 19. Qg2 Nc5 20. R3d2 Bf8 21. f4 Bg7 22. Qf3 exf4 23. Bxf4 Be5 24. Nd4 Bxf4 25. Qxf4 d5 26. Qxc7+ Kxc7 27. exd5 cxd5 28. Nxe6+ Nxe6 29. Nxd5+ Kb8 30. Rf1 Nxg5 31. Rg2 Ne4 32. Rxf7 g5 33. Nb4 Rc8 34. Rg4 Rhe8 35. Na6+ Ka8 36. Nc7+ Rxc7 37. Rxc7 Re5 38. Rf7 Nc3+ 39. Kb2 Ne2 40. Rg7 Re3 41. R4xg5 Rg3 42. Rxg3 1-0

[Event "XVI Calvia Amateur Open 2019"]
[Site "Calvia"]
[Date "2019.10.11"]
[Round "7.2"]
[White "Scherer, Helmut"]
[Black "Reichmann, Hendrik"]
[Result "1/2-1/2"]
[ECO "B80"]
[WhiteElo "2278"]
[BlackElo "2341"]
[Annotator "ChessBase"]
[PlyCount "45"]
[EventDate "2019.10.05"]
[EventType "swiss"]
[EventCountry "ESP"]
[SourceTitle "playchess.com"]
[Source "ChessBase"]
[SourceQuality "1"]
[TimeControl "40/5400+30:900+30"]

1. e4 c5 2. Nf3 e6 3. d4 cxd4 4. Nxd4 Nc6 5. Nc3 Qc7 6. g3 a6 7. Bg2 Nf6 8. O-O d6 9. Be3 Ne5 10. a4 Bd7 11. Nb3 Nc4 12. Bc1 Rc8 13. a5 Be7 14. Qe2 O-O 15. Rd1 Rfe8 16. f4 e5 17. f5 h6 18. Bf3 b6 19. axb6 Qxb6+ 20. Kh1 a5 21. g4 Qd8 22. Rg1 Nh7 23. Nd5 1/2-1/2

[Event "XVI Calvia Amateur Open 2019"]
[Site "Calvia"]
[Date "2019.10.11"]
[Round "7.3"]
[White "Bullen, Alex"]
[Black "Massanet Massanet, Sebastian"]
[Result "0-1"]
[ECO "D23"]
[WhiteElo "2139"]
[BlackElo "2252"]
[Annotator "ChessBase"]
[PlyCount "104"]
[EventDate "2019.10.05"]
[EventType "swiss"]
[EventCountry "ESP"]
[SourceTitle "playchess.com"]
[Source "ChessBase"]
[SourceQuality "1"]
[TimeControl "40/5400+30:900+30"]

1. d4 d5 2. Nf3 Nf6 3. c4 c6 4. Qb3 dxc4 5. Qxc4 Bf5 6. g3 e6 7. Bg2 Qd5 8. Nbd2 Nbd7 9. Nh4 Be4 10. Bxe4 Nxe4 11. Qxd5 exd5 12. O-O g6 13. Nhf3 Bg7 14. Nxe4 dxe4 15. Nd2 Nf6 16. Nc4 Rd8 17. Bf4 Rxd4 18. Nd6+ Ke7 19. Nxb7 Nd5 20. Na5 Rc8 21. Rac1 Nxf4 22. gxf4 c5 23. Nc4 Ke6 24. Rc2 Kf5 25. Rfc1 Rd7 26. e3 Rcd8 27. b3 h6 28. Kg2 g5 29. fxg5 hxg5 30. Na5 Bf8 31. Nc6 Re8 32. Rc4 Re6 33. Na5 Kg6 34. R4c2 f5 35. Nc4 f4 36. f3 exf3+ 37. Kxf3 Kf5 38. exf4 Rd3+ 39. Kf2 gxf4 40. Rd2 Rh3 41. Kg2 f3+ 42. Kf2 Bh6 43. Rd5+ Ke4 44. Rcd1 Rxh2+ 45. Kg1 Rg2+ 46. Kf1 Reg6 47. Nd6+ Kf4 48. Rf5+ Kg4 49. Re5 Rh2 50. Re4+ Bf4 51. Nc4 Kg3 52. Ke1 Bd2+ 0-1

[Event "XVI Calvia Amateur Open 2019"]
[Site "Calvia"]
[Date "2019.10.11"]
[Round "7.4"]
[White "De Boer, Bas"]
[Black "Borovnica, Tihomir"]
[Result "0-1"]
[ECO "A57"]
[WhiteElo "2142"]
[BlackElo "2231"]
[Annotator "ChessBase"]
[PlyCount "90"]
[EventDate "2019.10.05"]
[EventType "swiss"]
[EventCountry "ESP"]
[SourceTitle "playchess.com"]
[Source "ChessBase"]
[SourceQuality "1"]
[TimeControl "40/5400+30:900+30"]

1. d4 Nf6 2. c4 c5 3. d5 b5 4. cxb5 a6 5. b6 d6 6. Nc3 Nbd7 7. e4 g6 8. Nf3 Bg7 9. Be2 O-O 10. O-O Rb8 11. Rb1 Rxb6 12. Bf4 a5 13. Nd2 Ba6 14. Nc4 Rb4 15. b3 a4 16. Qc2 axb3 17. axb3 Qc7 18. Ra1 Bxc4 19. bxc4 Qb7 20. Nb5 Ra8 21. Bd2 Rxa1 22. Rxa1 Rxb5 23. cxb5 Nxd5 24. Rb1 N5b6 25. Be3 Qa7 26. h4 h5 27. Bg5 e6 28. g4 hxg4 29. Bxg4 Bd4 30. Kg2 Qa8 31. Be2 Kg7 32. f3 d5 33. exd5 Qxd5 34. Bd8 f5 35. h5 Bf6 36. Rd1 Qe5 37. Bxf6+ Nxf6 38. hxg6 Nfd5 39. Qa2 Ne3+ 40. Kh1 Nxd1 41. Bxd1 Kxg6 42. Bb3 Kf6 43. Qa7 Qe1+ 44. Kh2 Qe2+ 45. Kg1 Qxb5 0-1

[Event "XVI Calvia Amateur Open 2019"]
[Site "Calvia"]
[Date "2019.10.11"]
[Round "7.5"]
[White "Tscharotschkin, Michael"]
[Black "Amengual Perello, Jordi"]
[Result "1/2-1/2"]
[ECO "B22"]
[WhiteElo "2198"]
[BlackElo "2087"]
[Annotator "ChessBase"]
[PlyCount "61"]
[EventDate "2019.10.05"]
[EventType "swiss"]
[EventCountry "ESP"]
[SourceTitle "playchess.com"]
[Source "ChessBase"]
[SourceQuality "1"]
[TimeControl "40/5400+30:900+30"]

1. e4 c5 2. c3 d5 3. exd5 Qxd5 4. d4 Nf6 5. Nf3 Nc6 6. Na3 cxd4 7. Nb5 Qd8 8. Nbxd4 e6 9. Bg5 Nxd4 10. Nxd4 Be7 11. Bb5+ Bd7 12. Qb3 a6 13. Bxf6 Bxf6 14. Bxd7+ Qxd7 15. Rd1 O-O 16. O-O Qc7 17. Rd3 Rab8 18. Rfd1 Qc5 19. Qc2 b5 20. Nb3 Qc4 21. Nd2 Qxa2 22. Nb3 Qa4 23. Ra1 Qc4 24. Rxa6 b4 25. Ra4 Qc6 26. Ra1 Rfc8 27. Nd4 Bxd4 28. Rxd4 bxc3 29. bxc3 g6 30. g3 Qxc3 31. Rd8+ {[%emt 0:00:04] Qc5} 1/2-1/2

[Event "XVI Calvia Amateur Open 2019"]
[Site "Calvia"]
[Date "2019.10.11"]
[Round "7.6"]
[White "Burdik, Lubomir"]
[Black "Visser, Henk-Jan"]
[Result "0-1"]
[ECO "D04"]
[WhiteElo "2132"]
[BlackElo "2184"]
[Annotator "ChessBase"]
[PlyCount "54"]
[EventDate "2019.10.05"]
[EventType "swiss"]
[EventCountry "ESP"]
[SourceTitle "playchess.com"]
[Source "ChessBase"]
[SourceQuality "1"]
[TimeControl "40/5400+30:900+30"]

1. Nf3 d5 2. d4 Nf6 3. e3 a6 4. b3 e6 5. Bb2 Bd6 6. Nbd2 b6 7. Bd3 Bb7 8. O-O O-O 9. Ne5 Ne4 10. f3 Nxd2 11. Qxd2 f6 12. Ng4 c5 13. Rfe1 Nc6 14. c3 Qc7 15. g3 f5 16. Nf2 Bxg3 17. hxg3 Qxg3+ 18. Kf1 e5 19. f4 e4 20. Be2 Rf6 21. Rec1 Rh6 22. Ke1 cxd4 23. cxd4 Rh1+ 24. Bf1 a5 25. Rxc6 Bxc6 26. Qe2 Rh2 27. Rc1 Bb5 0-1